Map: The Vermillion Problem

Players

NamroodTuo

  • Race: Zerg Zerg

Swa

  • Race: Zerg Zerg

VOD

Have the link to the VOD?

Description

Time

  • Played on: June 1, 2023, 11:32 a.m.
  • Length: 24:16
Show
View Real Time Build Order
Export as new Build Order

NamroodTuo Zerg 

Build Orders:  

Get SALT Encoding   

  12  0:20  Infested Barracks  
  12  0:25  Infested SCV  
  13  0:31  Infested SCV  
  13  0:38  Infested SCV  
  15  0:49  Overlord  
  15  1:17  Infested SCV  
  16  1:20  Infested SCV  
  16  1:23  Infestation Level 1  
  17  1:37  Infested Refinery  
  17  1:38  Infested SCV  
  18  1:41  Infested SCV  
  19  1:50  Overlord  
  19  2:18  Infested SCV  
  20  2:24  Infested Engineering Bay  
  20  2:29  Infested SCV  
  21  2:30  Infested SCV, Infested Refinery  
  21  2:39  Infested Marine  
  23  2:40  Infested Marine x8  
  23  2:46  Overlord  
  31  3:02  Overlord  
  31  3:34  Infestation Level 2  
  31  3:37  Infested Barracks Tech Lab  
  31  3:44  Overlord  
  31  4:13  Infested Missile Turret  
  22  4:45  Infested SCV  
  23  4:52  Infested SCV  
  24  5:03  Infested Command Center  
  24  5:34  Anaerobic Enhancement  
  24  5:35  Infested SCV x2  
  24  5:36  Overlord  
  24  5:37  Infested SCV  
  27  6:24  Overlord, Infested SCV  
  27  6:25  Infested SCV  
  28  6:34  Broodling Gestation  
  28  6:38  Infested Missile Turret  
  28  6:49  Infested Missile Turret  
  28  7:04  Infested SCV x4  
  28  7:07  Infested Missile Turret  
  36  7:21  Infested Bunker  
  36  7:22  Infested SCV  
  37  7:40  Retinal Augmentation  
  37  7:46  Infested SCV x2  
  37  7:47  Overlord  
  37  7:48  Infested SCV  
  40  8:06  Infested SCV x3  
  43  8:31  Stukov Infantry Weapons Level 1  
  43  8:40  Plagued Munitions  
  43  8:49  Infested Missile Turret  
  43  8:51  Infested SCV x2  
  43  8:52  Infested SCV  
  46  9:04  Infested Bunker  
  50  9:24  Infested Factory, Infested SCV  
  50  9:25  Infested SCV  
  50  9:26  Overlord  
  52  9:51  Infested Marine  
  52  9:52  Infested Marine x6  
  52  9:53  Infested Marine x13  
  69  11:11  Stukov Infantry Armor Level 1, Infested SCV x3  
  69  11:12  Infested SCV  
  77  11:20  Infested Bunker  
  85  11:32  Infested Bunker  
  85  11:35  Overlord  
  85  11:36  Infested SCV  
  73  11:57  Infested Marine  
  73  11:58  Infested Marine x10  
  84  12:08  Infested Bunker  
  84  12:12  Unknown  
  84  12:20  Infested Bunker  
  84  12:56  Infested Factory Tech Lab  
  84  13:04  Infested Armory  
  84  13:18  Infested Bunker  
  85  13:46  Infested Siege Tank x4  
  85  13:47  Infested Siege Tank  
  85  13:49  Automated Mitosis  
  100  13:51  Regenerative Plating  
  100  14:06  Infested Bunker  
  100  14:20  Infested Marine x7  
  100  14:21  Infested Marine x3  
  108  14:31  Infested Marine x2  
  108  14:32  Infested Marine x2  
  108  14:38  Overlord  
  108  14:39  Overlord x3, Aggressive Incubation  
  109  14:45  Infested Bunker  
  105  14:51  Stukov Infantry Weapons Level 2  
  105  14:53  Infested Marine  
  105  14:54  Infested Marine x4  
  104  15:00  Overlord  
  104  15:01  Overlord  
  104  15:05  Overlord  
  104  15:06  Overlord x4  
  104  15:17  Infested Refinery  
  101  16:18  Infested Siege Tank x5  
  111  16:23  Overseer x5  
  111  16:24  Overseer  
  111  16:26  Overlord  
  111  16:27  Overlord x3  
  110  16:32  Stukov Vehicle and Ship Weapons Level 1  
  110  16:42  Infested SCV x2, Infested Refinery  
  110  16:43  Infested SCV x2  
  111  18:01  Stukov Infantry Armor Level 2  
  111  18:05  Infestation Level 3  
  110  19:12  Stukov Vehicle and Ship Armor Level 1  
  101  20:08  Infested Marine x4  
  101  20:09  Infested Marine x16  
  121  20:19  Acidic Enzymes  
  121  21:49  Caustic Mucus  
  92  22:27  Infested SCV  
  92  22:28  Infested SCV x4  
  97  22:51  Infested Marine  
  97  22:52  Infested Marine x15  
  97  22:53  Infested Marine x4  
Show
View Real Time Build Order
Export as new Build Order

Swa Zerg 

Build Orders:  

Get SALT Encoding   

  18  0:03  Primal Drone  
  19  0:11  Primal Drone  
  20  0:22  Primal Drone  
  20  0:25  Primal Drone  
  22  0:35  Primal Drone  
  23  0:49  Primal Drone  
  24  1:04  Unknown  
  24  1:07  Primal Drone  
  30  1:30  Primal Hive  
  30  1:34  Primal Drone  
  31  1:45  Primal Warden  
  32  1:50  Primal Drone  
  32  1:58  Primal Drone  
  34  2:22  Primal Drone  
  34  2:23  Extractor x2  
  34  2:25  Primal Drone  
  36  2:49  Primal Drone  
  37  2:52  Primal Zergling  
  38  3:16  Primal Drone x2  
  40  3:36  Primal Warden  
  40  3:41  Primal Drone  
  40  3:49  Primal Drone  
  42  4:14  Glevig's Den  
  42  4:16  Primal Hive  
  42  4:18  Primal Drone x2  
  43  4:29  Primal Zergling x3  
  46  4:36  Primal Drone  
  46  4:37  Primal Drone x6  
  53  4:57  Primal Drone  
  53  4:58  Primal Drone  
  55  5:09  Primal Zergling x3  
  58  5:12  Extractor, Primal Drone  
  58  5:13  Extractor  
  58  5:14  Primal Drone  
  60  5:26  Primal Drone x2  
  62  5:38  Primal Carapace Level 1, Primal Attacks Level 1  
  62  5:56  Muscular Augments  
  62  5:57  Murvar's Den  
  61  6:06  Primal Drone  
  61  6:07  Primal Drone  
  63  6:16  Primal Warden  
  63  6:18  Primal Warden  
  63  6:19  Primal Warden  
  67  6:20  Primal Warden  
  67  6:35  Primal Hydralisk  
  67  6:36  Primal Hydralisk x2  
  73  7:00  Primal Drone  
  73  7:01  Primal Drone x6  
  73  7:02  Primal Drone x2  
  82  7:14  Primal Drone  
  83  7:58  Primal Hydralisk x6  
  83  7:59  Primal Zergling, Primal Hydralisk x3  
  99  8:15  Primal Hydralisk  
  99  8:16  Primal Zergling, Primal Hydralisk x2  
  99  8:19  Primal Zergling  
  105  8:21  Primal Zergling  
  106  9:05  Primal Reconstitution  
  106  9:07  Primal Attacks Level 2  
  106  9:08  Primal Carapace Level 2  
  106  9:10  Primal Drone x2  
  108  9:24  Primal Hydralisk x3  
  108  9:25  Primal Zergling  
  108  9:26  Primal Zergling x4  
  108  9:27  Primal Zergling  
  120  9:31  Primal Mutalisk  
  120  9:32  Primal Mutalisk  
  120  9:34  Primal Mutalisk  
  120  9:38  Primal Zergling x4  
  121  9:42  Primal Mutalisk x2  
  121  9:44  Primal Mutalisk  
  121  9:48  Primal Zergling x2  
  121  9:49  Primal Zergling x3  
  123  9:51  Primal Mutalisk  
  123  9:53  Primal Zergling x2  
  124  10:11  Primal Hydralisk  
  124  10:12  Primal Zergling, Primal Hydralisk x2  
  124  10:13  Primal Zergling  
  132  10:35  Slicing Glave  
  132  10:37  Primal Mutalisk  
  131  10:46  Primal Mutalisk  
  130  11:14  Primal Hydralisk x4  
  130  11:15  Primal Hydralisk x4  
  130  11:16  Primal Zergling  
  130  11:17  Primal Zergling x11  
  130  11:19  Primal Zergling  
  159  11:21  Primal Zergling  
  160  11:35  Unknown x2, Shifting Carapace  
  158  11:46  Primal Hydralisk x3  
  158  11:47  Primal Hydralisk x2  
  168  12:05  Primal Mutalisk  
  168  12:06  Primal Mutalisk x2  
  168  12:07  Primal Mutalisk  
  162  12:13  Primal Hydralisk  
  162  12:14  Primal Hydralisk  
  141  12:22  Primal Hydralisk  
  141  12:25  Primal Mutalisk  
  141  12:26  Primal Mutalisk  
  141  12:29  Primal Zergling  
  142  12:30  Primal Zergling x12  
  142  12:31  Primal Zergling  
  155  12:41  Primal Mutalisk  
  152  12:57  Primal Hydralisk  
  152  12:58  Primal Hydralisk x3  
  160  13:06  Primal Zergling x3  
  160  13:07  Primal Zergling x3  
  163  13:19  Primal Hydralisk  
  153  13:20  Primal Hydralisk x2  
  157  13:33  Primal Mutalisk  
  157  13:34  Primal Mutalisk x2  
  157  13:35  Primal Mutalisk  
  147  13:58  Primal Hydralisk  
  147  13:59  Primal Hydralisk x3  
  155  14:38  Primal Hydralisk  
  155  14:39  Primal Hydralisk x4  
  158  15:03  Primal Mutalisk x3  
  158  15:04  Primal Hydralisk  
  158  15:05  Primal Hydralisk x2  
  158  15:06  Primal Zergling  
  158  15:07  Primal Zergling x7  
  158  15:08  Primal Zergling x9  
  177  15:33  Primal Hydralisk  
  177  15:34  Primal Hydralisk x3  
  177  15:35  Primal Zergling x2  
  187  15:44  Primal Hydralisk  
  189  15:52  Primal Hydralisk  
  189  15:53  Primal Hydralisk  
  189  15:54  Primal Zergling x2  
  189  15:55  Primal Zergling  
  195  16:00  Primal Mutalisk x2  
  195  16:04  Primal Mutalisk  
  195  16:07  Primal Mutalisk  
  190  16:47  Primal Hydralisk  
  190  16:48  Primal Zergling, Primal Hydralisk x4  
  199  16:51  Primal Mutalisk  
  199  16:52  Primal Mutalisk  
  199  16:53  Primal Mutalisk  
  189  17:21  Primal Hydralisk  
  189  17:22  Primal Hydralisk x3  
  186  17:42  Unknown  
  186  17:48  Primal Hydralisk  
  186  17:49  Primal Hydralisk x3  
  194  17:52  Primal Zergling x4  
  194  17:53  Primal Zergling x2  
  194  17:59  Primal Mutalisk  
  199  18:00  Primal Mutalisk  
  199  18:02  Primal Hydralisk  
  200  18:17  Primal Mutalisk  
  199  18:49  Primal Mutalisk x2  
  197  18:50  Primal Mutalisk x2  
  197  18:52  Primal Hydralisk x2  
  199  19:15  Primal Mutalisk  
  198  19:58  Primal Hydralisk  
  200  20:12  Primal Mutalisk  
  199  21:05  Explosive Spores  
  199  21:10  Dissolving Acid  
  192  22:05  Primordial Fury  
  189  22:10  Enlarged Parotid Glands  
Tags
 
Add a new tag
Caveats
  • Supply blocks, unpowered buildings, or Contaminate may cause inaccurate times.
  • Supply counts are checked every 10 seconds.